 Dungeon Crawl Stone Soup version 0.31-a0-876-gfe8ebadbca (webtiles) character file.

Game seed: 16684410340548503636

278 BinkBink the Shooter (level 6, -20/37 HPs)
             Began as a Tengu Hunter on Oct 14, 2023.
             Demolished by an ogre
             ... wielding a +0 giant spiked club
              (28 damage)
             ... on level 4 of the Dungeon.
             The game lasted 00:03:10 (3274 turns).

BinkBink the Shooter (Tengu Hunter)                 Turns: 3274, Time: 00:03:11

Health: -20/37     AC:  3    Str: 11    XL:     6   Next: 26%
Magic:  7/7        EV: 28    Int:  9    God:
Gold:   112        SH:  0    Dex: 20    Spells: 5/5 levels left

rFire   . . .        a - +0 shortbow
rCold   . . .        (shield currently unavailable)
rNeg    . . .        c - +0 leather armour
rPois   .            (helmet restricted)
rElec   .            (no cloak)
rCorr   .            (no gloves)
SInv    .            (boots unavailable)
Will    .....        (no amulet)
Stlth   ++           (no ring)
HPRegen 0.26/turn    (no ring)
MPRegen 0.10/turn

%: acrobat
@: acrobatic
A: beak, talons 3, acrobatic
a: no special abilities


You were on level 4 of the Dungeon.
You visited 1 branch of the dungeon, and saw 5 of its levels.

You collected 112 gold pieces.

Inventory:

Hand Weapons
 a - a +0 shortbow (weapon)
Armour
 c - a +0 leather armour (worn)
Wands
 n - a wand of mindburst (15)
Scrolls
 b - a scroll of butterflies
 f - a scroll of blinking {unknown}
 i - 2 scrolls of fear {unknown}
 j - a scroll of noise {unknown}
 m - 2 scrolls of poison {unknown}
 p - a scroll of vulnerability {unknown}
 q - a scroll of teleportation {unknown}
 r - a scroll of identify {unknown}
 s - a scroll of immolation {unknown}
Potions
 d - a potion of attraction {unknown}
 e - a potion of haste {unknown}
 g - a potion of invisibility {unknown}
 h - 2 potions of curing {unknown}
 k - a potion of berserk rage {unknown}
 l - a potion of cancellation {unknown}
 o - a potion of lignification {unknown}


   Skills:
 + Level 3.4 Fighting
 * Level 6.5 Ranged Weapons
 + Level 3.9 Dodging
 - Level 1.0 Stealth


You had 5 spell levels left.
You didn't know any spells.
Your spell library contained the following spells:

 Spells                   Type           Power      Damage    Failure   Level
 Foxfire                  Conj/Fire      0%         2x1d4     47%         1
 Slow                     Hex            0%         N/A       47%         1
 Blink                    Tloc           0%         N/A       63%         2
 Lesser Beckoning         Tloc           0%         N/A       63%         2
 Momentum Strike          Conj/Tloc      0%         3d8       63%         2
 Scorch                   Fire           0%         2d5       63%         2
 Confusing Touch          Hex            0%         N/A       85%         3
 Sigil of Binding         Hex            0%         N/A       85%         3
 Vampiric Draining        Necr           0%         2d6       85%         3


Dungeon Overview and Level Annotations

Branches:
Dungeon (5/15)
 Temple: D:4-7

Altars:
Gozag

Annotations:
D:5 Dowan


Innate Abilities, Weirdness & Mutations

You have a beak for a mouth.
You have claws for feet.
You can magically evade attacks while moving or waiting.


Message History

Dowan casts a spell at you. The puff of frost hits you!
Dowan casts a spell.
Dowan blinks!
There is an open door here.
There is a stone staircase leading up here.
You climb upwards.
There is a stone staircase leading down here.
You are no longer glowing.
Things that are here:
a +0 short sword; an orc skeleton You see here a +0 hand axe.
HP restored.
You see here a +0 robe.
There is a stone staircase leading down here.
You climb downwards.
Level annotation: Dowan The ogre shouts!
There is a stone staircase leading up here.
You shoot an arrow.
The arrow hits the ogre but does no damage.
The ogre closely misses you.
You shoot an arrow. The arrow hits the ogre.
The ogre is lightly wounded.
The ogre hits you with a +0 giant spiked club!
You shoot an arrow. The arrow hits the ogre!
The ogre is heavily wounded.
The ogre misses you.
You shoot an arrow. The arrow hits the ogre!
The ogre is severely wounded.
The ogre hits you with a +0 giant spiked club!!
Ouch! That really hurt!
* * * LOW HITPOINT WARNING * * *
You are too injured to fight recklessly!
You climb upwards.
There is a stone staircase leading down here.
The ogre attacks as it pursues you!
The ogre hits you with a +0 giant spiked club!!
Ouch! That really hurt!
You die...

#................
######.####.......
##.................
##.............#####
#...............#
#...............#
#...............#
#.........[.....#
#..@............#
#.>O......[.....#
##.............##
##.....#.....##
#############


You could see an ogre.

Vanquished Creatures
  2 scorpions
  An iguana (D:4)
  2 adders (D:2)
  A worm (D:3)
  2 dart slugs
  8 orcs
  6 ball pythons
  6 endoplasms
  15 giant cockroaches
  9 goblins
  5 hobgoblins
  7 jackals (D:1)
  4 quokkas
  6 bats
  7 frilled lizards
  8 kobolds
  3 rats
92 creatures vanquished.

Notes
Turn   | Place    | Note
-------+----------+-------------------------------------------
     0 | D:1      | BinkBink the Tengu Hunter began the quest for the Orb.
     0 | D:1      | Reached XP level 1. HP: 12/12 MP: 2/2
   165 | D:1      | Reached XP level 2. HP: 10/17 MP: 3/3
   366 | D:1      | Reached XP level 3. HP: 22/22 MP: 4/4
   489 | D:1      | Reached skill level 5 in Ranged Weapons
   753 | D:1      | You fall into a shaft and drop 1 floor!
  1455 | D:2      | Reached XP level 4. HP: 27/27 MP: 5/5
  2180 | D:3      | Noticed a scorpion
  2202 | D:3      | Killed a scorpion
  2203 | D:3      | Reached skill level 6 in Ranged Weapons
  2203 | D:3      | Reached XP level 5. HP: 27/32 MP: 6/6
  2549 | D:4      | Got a vellum book
  2907 | D:4      | Found an opulent altar of Gozag.
  3071 | D:5      | Entered Level 5 of the Dungeon
  3096 | D:5      | Reached XP level 6. HP: 22/37 MP: 7/7
  3176 | D:5      | Noticed Dowan
  3274 | D:4      | Demolished by an ogre

Illustrated notes

Levels and vault maps discovered:
D:1:      dpeg_arrival_round_a, layout_basic
D:2:      layout_basic
D:3:      minmay_roachtagon, layout_basic
D:4:      layout_rooms, lemuel_doored_altar, minmay_lizard_king
D:5:      layout_gridville, ebering_ghost_rock_garden, st_stairs_3, uniq_duvessa

Skill      XL: |  1  2  3  4 |
---------------+-------------+-----
Ranged Weapons | 5 6 |  6.5
Dodging        | 3 |  3.9
Fighting       | 3 |  3.4
Stealth        | |  1.0

Action                     |  1- 3 |  4- 6 || total
---------------------------+-------+-------++-------
   Fire: Shortbow          |   123 |   141 ||   264
 Armour: Leather armour    |    36 |    22 ||    58
  Dodge: Dodged            |    47 |    35 ||    82

Table legend: (Time is in decaauts)
 A = Elapsed time spent in this place.
 B = Non-inter-level travel time spent in this place.
 C = Inter-level travel time spent in this place.
 D = Time resting spent in this place.
 E = Time spent auto-exploring this place.
 F = Levels seen in this place.
 G = Mean time per level.
                   A        B        C        D        E       F      G
               +--------+--------+--------+--------+--------+-----+--------+
         Total |   3322 |   3101 |    221 |      5 |   2619 |   5 |  664.4 |
       Dungeon |   3322 |   3101 |    221 |      5 |   2619 |   5 |  664.4 |
               +--------+--------+--------+--------+--------+-----+--------+

Top non-repeatable levels by time:
     D:1: 1018 daAuts
     D:2: 992 daAuts
     D:4: 617 daAuts
     D:3: 557 daAuts
     D:5: 136 daAuts
